 Dungeon Crawl Stone Soup version 0.29.1-12-g30fa7ad0bf (webtiles) character file.

Game seed: 10916277444321310320

47 cheesebisquit the Chiller (level 3, -8/26 HPs)
             Began as a Ghoul Ice Elementalist on Jan 12, 2023.
             Mangled by a gnoll
             ... wielding a +2 flail of holy wrath
              (9 damage)
             ... on level 2 of the Dungeon.
             The game lasted 00:10:43 (2028 turns).

cheesebisquit the Chiller (Ghoul Ice Elementalist)  Turns: 2028, Time: 00:10:44

Health: -8/26      AC:  3    Str: 11    XL:     3   Next: 70%
Magic:  0/5        EV: 12    Int: 12    God:
Gold:   81         SH:  0    Dex:  9    Spells: 6/7 levels left

rFire   . . .      SeeInvis .   h - +0 mace
rCold   + . .      Faith    .   (no shield)
rNeg    + + +      Spirit   .   g - +0 robe
rPois   ∞          Reflect  .   (no helmet)
rElec   .          Harm     .   (no cloak)
rCorr   .          Rampage  .   k - +0 pair of gloves
Will    .....                   (no boots)
Stlth   ++........              (no amulet)
HPRegen 0.00/turn               (no ring)
MPRegen 0.09/turn               (no ring)

@: inhibited regen
A: claws 1, cold resistance 1, negative energy resistance 3, inhibited
regeneration, torment resistance 2, devour on kill
a: no special abilities


You were on level 2 of the Dungeon.
You visited 1 branch of the dungeon, and saw 2 of its levels.

You collected 81 gold pieces.

Inventory:

Hand Weapons
 h - a +0 mace (weapon)
Missiles
 c - 32 stones
 i - 4 poisoned darts
Armour
 g - a +0 robe (worn)
 k - a +0 pair of gloves (worn)
Scrolls
 a - 4 scrolls of teleportation {unknown}
 d - 2 scrolls of identify {unknown}
 e - a scroll of vulnerability {unknown}
 j - a scroll of blinking {unknown}
 l - a scroll of enchant weapon {unknown}
Potions
 b - a potion of magic
 f - a potion of curing {unknown}


   Skills:
 - Level 1.7 Dodging
 - Level 2.1 Stealth
 + Level 2.6 Spellcasting
 + Level 5.1 Ice Magic


You had 6 spell levels left.
You knew the following spells:

 Your Spells              Type           Power      Damage    Failure   Level
a - Freeze                Ice            56%        1d7       3%          1

Your spell library contained the following spells:

 Spells                   Type           Power      Damage    Failure   Level
 Frozen Ramparts          Ice            28%        1d5       9%          3
 Ozocubu's Armour         Ice            14%        N/A       9%          3
 Hailstorm                Conj/Ice       7%         3d4       65%         4


Dungeon Overview and Level Annotations

Branches:
Dungeon (2/15)

Altars:


Innate Abilities, Weirdness & Mutations

You are immune to poison.
You have sharp fingernails.
Your flesh is cold resistant. (rC+)
You are immune to negative energy. (rN+++)
You do not regenerate when monsters are visible.
You are immune to unholy pain and torment.
You thrive by killing the living.


Message History

The giant cockroach barely misses you.
You hit the giant cockroach.
The giant cockroach is almost dead.
The giant cockroach closely misses you. The giant cockroach bites you.
You hit the giant cockroach.
You kill the giant cockroach!
You feel better.
Your magical contamination has completely faded away.
Aiming: Freeze (safe; 3% risk of failure)
Press: ? - help, Q - select action, (/) - cycle Shift-Dir - straight line, f - gnoll
Aim: a gnoll, wielding a +2 flail of holy wrath You freeze the gnoll.
The gnoll is lightly wounded.
The gnoll barely misses you. The gnoll misses you.
Aiming: Freeze (safe; 3% risk of failure)
Press: ? - help, Q - select action, (/) - cycle Shift-Dir - straight line, f/p - gnoll
Aim: a gnoll, wielding a +2 flail of holy wrath (lightly wounded)
You freeze the gnoll.
The gnoll is moderately wounded.
The gnoll hits you with a +2 flail of holy wrath.
You convulse.
The gnoll misses you.
You barely miss the gnoll. You punch the gnoll.
The gnoll is heavily wounded.
The gnoll barely misses you. x2; The gnoll closely misses you.
The gnoll hits you with a +2 flail of holy wrath.
You convulse.
* * * LOW HITPOINT WARNING * * *
The gnoll attacks as you move away! The gnoll misses you.
The gnoll attacks as you move away! The gnoll barely misses you.
Aiming: Freeze (safe; 3% risk of failure)
Press: ? - help, Q - select action, (/) - cycle Shift-Dir - straight line, f/p - gnoll
Aim: a gnoll, wielding a +2 flail of holy wrath (heavily wounded)
You freeze the gnoll.
The gnoll is almost dead.
The gnoll closely misses you.
The gnoll hits you from afar with a +0 spear.
* * * LOW HITPOINT WARNING * * *
The gnoll attacks as you move away!
The gnoll hits you with a +2 flail of holy wrath!
You die...

### #.# ###############.#
...gg...g#......#
.#######g#.####.# ##### #.#.# #.#
....# #######g#.# #.# ....#
#......g#.## #.#
....####+#......@...# #.#
....................###.#
......................#.#
..<.............>.#..##.#######
..........######..........# ..#
.........#######..#...#.#.# #.##
........................#.# #..##
#################.......#.#.#<..#
#.......#.#.#..##


You could see 4 gnolls.

Vanquished Creatures
  An adder (D:1)
  2 dart slugs (D:2)
  3 endoplasms
  A giant cockroach (D:2)
  3 goblins
  4 hobgoblins
  3 jackals (D:2)
  4 kobolds (D:1)
  3 ball pythons
  3 bats
  2 frilled lizards (D:2)
  2 rats (D:2)
31 creatures vanquished.

Notes
Turn   | Place    | Note
-------+----------+-------------------------------------------
     0 | D:1      | cheesebisquit the Ghoul Ice Elementalist began the quest
                  | for the Orb.
     0 | D:1      | Reached XP level 1. HP: 14/14 MP: 2/2
   146 | D:1      | Reached XP level 2. HP: 20/20 MP: 0/4
   516 | D:1      | Found a faded altar of an unknown god.
   998 | D:1      | Reached XP level 3. HP: 22/26 MP: 0/5
  1076 | D:2      | Reached skill level 5 in Ice Magic
  2025 | D:2      | HP: 1/26 [gnoll/+0 spear (2)]
  2028 | D:2      | Mangled by a gnoll

Illustrated notes

Levels and vault maps discovered:
D:1:      dpeg_arrival_morbid_curiosity, layout_rooms,
          shapermc_ecumenical_altar_mp_highgroup, serial_forest,
          infiniplex_forest_lined_3, infiniplex_forest_straight_2,
          infiniplex_forest_end_2, infiniplex_forest_side_room,
          infiniplex_forest_straight_3
D:2:      kb_forest_paths, layout_basic, kennysheep_cluttered_room

Skill      XL: |  1  2  3 |
---------------+----------+-----
Spellcasting   | 2 |  2.6
Ice Magic      | 5 |  5.1
Dodging        | |  1.7
Stealth        | |  2.1

Action                   || total
-------------------------++-------
Melee: Mace              ||    21
       Whip              ||     3
       Punch             ||     1
Throw: Stone             ||    10
       Javelin           ||     5
       Dart              ||     2
 Cast: Freeze            ||    46
Armor: Robe              ||    11
Dodge: Dodged            ||    51
